AoeStats
← carreychang1205

Northern Isles

510359488Analyzed
1v1 RM · 18h ago on Sep 30, 2026· 39m 31s· 2 players
Game mode
Random Map
Map size
Tiny (2 player)
Population
200
Speed
Normal
Resources
Standard
Victory
Conquest
Starting age
Dark Age
Ending age
Imperial Age
RankedLock teamsTeams togetherTeam positionsShared explorationLock speedFull tech treeHidden civsTurbo modeCheats
Victory
Defeat
🇪🇸 Goths · Spain
1042
+17
🇹🇼 Khitans · Taiwan
1054
-17
esesalga
2:14 Loom
13:18 Feudal Age
13:49 Double-Bit Axe
13:54 Fishing Lines
15:24 Wheelbarrow
15:13 Horse Collar
15:14 Fishing Lines
18:09 Castle Age
16:29 Gold Mining
16:30 Stone Mining
17:52 Forging
17:42 Scale Mail Armor
19:11 Bow Saw
19:17 Hand Cart
23:52 Pikeman
26:04 Gillnets
30:56 Heavy Plow
33:39 Fletching
34:05 Chain Mail Armor
34:25 Iron Casting
37:19 Imperial Age
38:34 Iron Casting
37:55 Bodkin Arrow
38:21 Guilds
38:16 Anarchy
38:16 Perfusion
38:37 Conscription
37:48 Halberdier
carreychang1205
7:19 Loom
9:36 Feudal Age
11:46 Double-Bit Axe
11:49 Domestication
16:41 Scale Barding Armor
16:46 Forging
17:38 Fletching
22:08 Castle Age
23:24 Elite Skirmisher
24:28 Light Cavalry
25:34 Pastoralism
25:46 Bow Saw
26:30 Crossbowman
33:53 Bodkin Arrow
36:06 Demolition Ship
Connection lost

Rejoining the realm…

Still unreachable

The connection could not be restored.

Session expired

The server has moved on; the page needs a fresh start.